 Dungeon Crawl Stone Soup version 0.18.1-48-g4cf74bf (webtiles) character file.

210 Peloso the Shield-Bearer (level 5, -4/47 HPs)
             Began as a Minotaur Fighter on Aug 22, 2016.
             Slain by a crocodile (7 damage)
             ... in a sewer.
             The game lasted 00:07:28 (1637 turns).

Peloso the Shield-Bearer (Minotaur Fighter)         Turns: 1637, Time: 00:07:29

Health: -4/47      AC:  8    Str: 26    XL:     5   Next: 56%
Magic:  4/4        EV:  8    Int:  5    God:
Gold:   183        SH: 10    Dex: 10    Spells: 0 memorised, 4 levels left

rFire  . . .     SeeInvis .     a - +0 long sword
rCold  . . .     Gourm    .     b - +0 scale mail
rNeg   + . .     Faith    .     c - +0 shield
rPois  .         Spirit   .     (helmet restricted)
rElec  .         Dismiss  .     (no cloak)
rCorr  .         Reflect  .     (no gloves)
SustAt .         Harm     .     g - +0 pair of boots
MR     .....                    (no amulet)
Stlth  ..........               (no ring)
                                k - ring of positive energy

@: mighty, drained, not resistant to hostile enchantments, extremely unstealthy
A: retaliatory headbutt, horns 2
a: no special abilities


You were in a sewer.
You were not hungry.

You visited 1 branch of the dungeon, and saw 3 of its levels.
You also visited: Sewer.

You collected 183 gold pieces.

Inventory:

Hand Weapons
 a - a +0 long sword (weapon)
Armour
 b - a +0 scale mail (worn)
 c - a +0 shield (worn)
 g - a +0 pair of boots (worn)
 o - a cursed +0 pair of boots
Jewellery
 k - a ring of positive energy (left hand)
 n - an uncursed amulet of dismissal {unknown}
Scrolls
 h - 2 scrolls of random uselessness {unknown}
 i - a scroll of fog {unknown}
 j - a scroll of enchant weapon {unknown}
 m - a scroll of identify {unknown}
 p - a scroll of magic mapping {unknown}
 q - a scroll of noise {unknown}
 r - 5 scrolls of teleportation {unknown}
Potions
 e - 2 potions of invisibility {unknown}
 l - a potion of lignification {unknown}
 t - a potion of agility
Comestibles
 f - 5 bread rations
 s - 3 chunks of flesh


   Skills:
 + Level 4.6(4.2) Fighting
 + Level 3.9(3.6) Long Blades
 + Level 4.3(4.0) Armour
 + Level 2.3(2.0) Dodging
 + Level 5.0(4.6) Shields


You had 4 spell levels left.
You didn't know any spells.

Dungeon Overview and Level Annotations

Branches:
Dungeon (3/15)

Altars:
Qazlal


Innate Abilities, Weirdness & Mutations

You reflexively headbutt those who attack you in melee.
You have a pair of horns on your head.


Message History

The crocodile bites you. The crocodile bites you!
* * * LOW HITPOINT WARNING * * *
You enter the shallow water.
Moving in this stuff is going to be slow.
You block the crocodile's attack.
You enter the shallow water.
Moving in this stuff is going to be slow.
The crocodile bites you.
* * * LOW HITPOINT WARNING * * *
You block the crocodile's attack.
Drink which item? (? for menu, Esc to quit)
You feel very mighty all of a sudden. You block the crocodile's attack.
You completely miss the crocodile. Your headbutt misses the crocodile.
The crocodile is heavily wounded.
You block the crocodile's attack.
You hit the crocodile. Your headbutt misses the crocodile.
The crocodile is heavily wounded.
The crocodile bites you!
You die...

### #≈# ########
#≈######
###.≈..≈.###
##≈##...#
###..≈.≈.≈≈≈.###
#.≈.#.∩.#
#.....####≈t@..###
#.≈...∩.# #.≈≈..###
###≈≈...###≈≈(....#
#.≈.≈.≈##
##..≈.≈≈≈.≈.#####
###≈≈..≈
#.≈.≈.###.≈)(...#
!.##≈.. #...≈.###
#.≈.....# #[( ###..
..≈≈.### #.≈.#...#
## ## ...##
##≈##...# ###
#≈###.## #≈##..#


You could see a crocodile.

Vanquished Creatures
  Jessica (D:2)
  Natasha (twice) (D:2)
  Ijyb (D:2)
  Robin (D:2)
  An adder (D:2)
  An ooze (D:1)
  2 worms (D:2)
  3 dart slugs
  An orc (D:3)
  5 ball pythons
  3 giant cockroaches
  9 hobgoblins
  6 jackals
  5 kobolds
  4 bats
  2 giant newts (D:1)
  16 goblins
  8 rats
71 creatures vanquished.

Notes
Turn   | Place    | Note
--------------------------------------------------------------
     0 | D:1      | Peloso the Minotaur Fighter began the quest for the Orb.
     0 | D:1      | Reached XP level 1. HP: 19/19 MP: 0/0
   113 | D:1      | Reached XP level 2. HP: 21/27 MP: 1/1
   374 | D:1      | Reached skill level 4 in Shields
   547 | D:1      | Reached XP level 3. HP: 33/33 MP: 2/2
   818 | D:2      | Noticed Robin
   852 | D:2      | Reached skill level 1 in Dodging
   965 | D:2      | Killed Robin
   965 | D:2      | Reached XP level 4. HP: 40/40 MP: 3/3
  1011 | D:2      | Noticed Ijyb
  1027 | D:2      | Killed Ijyb
  1163 | D:2      | Noticed Jessica
  1171 | D:2      | Killed Jessica
  1174 | D:2      | Noticed Natasha
  1185 | D:2      | Killed Natasha
  1185 | D:2      | Reached XP level 5. HP: 26/47 MP: 4/4
  1215 | D:2      | Found a stormy altar of Qazlal.
  1404 | D:2      | Noticed Natasha
  1411 | D:2      | Killed Natasha
  1411 | D:2      | Reached skill level 5 in Shields
  1517 | D:3      | Found a glowing drain.
  1539 | Sewer    | Entered a sewer
  1613 | Sewer    | Noticed a crocodile
  1631 | Sewer    | HP: 2/47 [crocodile (6)]
  1637 | Sewer    | Slain by a crocodile

Skill      XL: |  1  2  3  4  5 |
---------------+----------------+-----
Shields        | 4 5 |  5.0
Armour         | 4 |  4.3
Long Blades    | 3 |  3.9
Dodging        | 1 2 |  2.3
Fighting       | 4 |  4.6

Action                   |  1- 3 |  4- 6 || total
-------------------------+-------+-------++-------
Melee: Long sword        |   116 |    99 ||   215
       Headbutt          |    14 |    15 ||    29
  Use: Potion            |       |     1 ||     1
  Eat: Chunk             |       |     3 ||     3
Armor: Scale mail        |    47 |    53 ||   100
Dodge: Dodged            |    36 |    46 ||    82
Block: Shield            |    54 |    68 ||   122
